 Dungeon Sprint DCSS version 0.30-a0-341-g682706514a (webtiles) character file.

Game seed: 9120940530454394516

436 p00ps00p the Trooper (level 6, -5/56 HPs)
             Began as a Demonspawn Fighter on Nov 4, 2022.
             Was an Initiate of Gozag.
             Slain by Sonja
             ... wielding a +1 dagger of distortion
              (11 damage)
             ... in the Dungeon (Sprint I: "Red Sonja").
             The game lasted 00:02:51 (632 turns).

p00ps00p the Trooper (Demonspawn Fighter)            Turns: 632, Time: 00:02:51

Health: -5/56      AC:  9    Str: 18    XL:     6   Next: 68%
Magic:  6/6        EV:  9    Int:  9    God:    Gozag
Gold:   297        SH:  6    Dex: 13    Spells: 5/5 levels left

rFire   . . .      SeeInvis .    a - +0 war axe
rCold   . . .      Faith    .    c - +0 buckler
rNeg    . . .      Spirit   .    b - +0 scale mail
rPois   .          Reflect  .    (no helmet)
rElec   .          Harm     .    (no cloak)
rCorr   .          Rampage  .    (no gloves)
Will    .....      NoTele   +    (no boots)
Stlth   ..........               (no amulet)
HPRegen 0.29/turn                (no ring)
MPRegen 0.20/turn                (no ring)

@: slowed, very slow
A: thin metallic scales 1, spiny 1, magic regeneration, demonic touch 1
a: Renounce Religion, Potion Petition, Call Merchant, Bribe Branch


You were in the Dungeon.
You worshipped Gozag.
Gozag was aware of your devotion.
You visited 1 branch You collected 297 gold pieces.

Inventory:

Hand Weapons
 a - a +0 war axe (weapon)
Armour
 b - a +0 scale mail (worn)
 c - a +0 buckler (worn)
Wands
 d - a wand of flame (12)
Scrolls
 j - a scroll of blinking
Potions
 f - a potion of heal wounds
 g - a potion of mutation
 h - 2 potions of magic
 k - a potion of attraction {unknown}


   Skills:
 + Level 7.8 Fighting
 + Level 6.8 Axes
 + Level 7.1 Armour
 + Level 7.1 Shields


You had 5 spell levels left.
You didn't know any spells.
Your spell library was empty.

Dungeon Overview and Level Annotations

Branches:
Dungeon (1/1)

Altars:
Cheibriados
Dithmenos
Fedhas
Gozag
Hepliaklqana
Kikubaaqudgha
Nemelex Xobeh
Okawaru
Qazlal
Ru
Sif Muna
Trog
Uskayaw
Vehumet
Wu Jian
Yredelemnul

Shops:
D *

Annotations:
D Sonja


Innate Abilities, Weirdness & Mutations

You are partially covered in thin metallic scales. (AC +2)
You are partially covered in sharp spines.
You regenerate magic rapidly.
Your touch may inflict minor irresistible damage on your foes.


Message History

You kneel at the altar of Gozag.
Gozag welcomes you!
Gozag waives the service fee.
There is a hide-covered altar of Uskayaw here.
There is a hazy altar of Hepliaklqana here.
There is an open door, spattered with blood here.
You open the door.
Sonja, the Graceful Assassin comes into view.
She is wielding a +1 dagger of distortion and quivering curare-tipped darts.
Sonja shouts!
Sonja throws a curare-tipped dart.
The curare-tipped dart hits you.
You are poisoned.
You have difficulty breathing.
You feel yourself slow down.
Found 108 gold pieces.
Aiming: Throw Flame
Press: ? - help, Q - select action, (/) - cycle Shift-Dir - straight line, f - Sonja
Aim: Sonja, wielding a +1 dagger of distortion and quivering curare-tipped darts (25% to hit)
The puff of flame hits Sonja.
Sonja is moderately wounded.
You feel very sick.
You feel better.
Sonja mumbles some strange words.
Sonja blinks!
Unknown command.
Sonja mumbles some strange words.
Sonja blinks!
There is an open door here.
Sonja throws a curare-tipped dart.
The curare-tipped dart barely misses you.
You see here 27 gold pieces.
You open the door. Sonja is struck by your spines.
Sonja hits you with a +1 dagger of distortion.
Space warps horribly around you!
Sonja hits you with a +1 dagger of distortion.
Space warps horribly around you!
* * * LOW HITPOINT WARNING * * *
Sonja hits you with a +1 dagger of distortion.
* * * LOW HITPOINT WARNING * * *
Space warps horribly around you!
You die...
Your body crumbles into a pile of gold.

#..#####'#####'#
#..####..#...#(#
#..#__####..##.#
$$
#..#_____##'#_.+
#⌠⌠#_.∩...'K.._#
$$
####_..__##_.#+#
$$#_____###'# $
$ #########K## $
$ ......'@.$+$$
$$ +++####$.$# $
##.## $#+#$ $ $
$ $ $ $$ $ $ $


You could see Sonja.

Vanquished Creatures
  Sigmund (D)
  A yak (D)
  An ogre (D)
  A jelly (D)
  Ijyb (D)
5 creatures vanquished.

Notes
Turn   | Place    | Note
-------+----------+-------------------------------------------
     0 | D        | p00ps00p the Demonspawn Fighter began the quest for the
                  | Orb.
     0 | D        | Reached XP level 1. HP: 18/18 MP: 1/1
     2 | D        | Noticed Ijyb
    10 | D        | Killed Ijyb
    11 | D        | Gained mutation: You regenerate magic rapidly. [demonic
                  | ancestry]
    11 | D        | Reached XP level 2. HP: 8/25 MP: 2/2
   185 | D        | Noticed an ogre
   189 | D        | Killed an ogre
   190 | D        | Reached skill level 5 in Fighting
   190 | D        | Gained mutation: Your touch may inflict minor irresistible
                  | damage on your foes. [demonic ancestry]
   190 | D        | Reached XP level 3. HP: 33/33 MP: 3/3
   190 | D        | Reached XP level 4. HP: 39/39 MP: 4/4
   194 | D        | Noticed Sigmund
   205 | D        | Killed Sigmund
   206 | D        | Reached skill level 5 in Axes
   206 | D        | Gained mutation: You are partially covered in thin metallic
                  | scales. (AC +2) [demonic ancestry]
   206 | D        | Reached XP level 5. HP: 10/47 MP: 5/5
   561 | D        | Found an ornate altar of the Wu Jian Council.
   561 | D        | Found a shimmering blue altar of Sif Muna.
   563 | D        | Found a radiant altar of Vehumet.
   572 | D        | Gained mutation: You are partially covered in sharp spines.
                  | [demonic ancestry]
   572 | D        | Reached XP level 6. HP: 47/55 MP: 6/6
   596 | D        | Found Laptung's General Store.
   596 | D        | Found an ancient bone altar of Kikubaaqudgha.
   596 | D        | Found a hazy altar of Hepliaklqana.
   596 | D        | Found a stormy altar of Qazlal.
   596 | D        | Found a hide-covered altar of Uskayaw.
   596 | D        | Found a blossoming altar of Fedhas.
   596 | D        | Found a bloodstained altar of Trog.
   596 | D        | Found an iron altar of Okawaru.
   596 | D        | Found a basalt altar of Yredelemnul.
   596 | D        | Found a snail-covered altar of Cheibriados.
   596 | D        | Found a sacrificial altar of Ru.
   596 | D        | Found a shadowy altar of Dithmenos.
   596 | D        | Noticed a yak
   601 | D        | Killed a yak
   602 | D        | Found an opulent altar of Gozag.
   603 | D        | Found a sparkling altar of Nemelex Xobeh.
   612 | D        | Became a worshipper of Gozag Ym Sagoz the Greedy
   625 | D        | Noticed Sonja
   632 | D        | Slain by Sonja

Illustrated notes

Levels and vault maps discovered:
D:        dungeon_sprint_1 [red_sonja_temple_1, red_sonja_temple_small_1]

Skill      XL: |  1  2  3  4  5  6 |
---------------+-------------------+-----
Fighting       | 4 5 6 7 |  7.8
Axes           | 3 4 5 6 |  6.8
Armour         | 3 4 6 7 |  7.1
Shields        | 3 4 6 7 |  7.1

Action                   |  1- 3 |  4- 6 || total
-------------------------+-------+-------++-------
Melee: War axe           |    10 |    20 ||    30
Evoke: Wand              |       |     2 ||     2
  Use: Potion            |     2 |     2 ||     4
       Scroll            |       |     1 ||     1
Armor: Scale mail        |     1 |     6 ||     7
Dodge: Dodged            |     2 |     8 ||    10
Block: Buckler           |     1 |     4 ||     5

Table legend: (Time is in decaauts)
 A = Elapsed time spent in this place.
 B = Non-inter-level travel time spent in this place.
 C = Inter-level travel time spent in this place.
 D = Time resting spent in this place.
 E = Time spent auto-exploring this place.
 F = Levels seen in this place.
 G = Mean time per level.
                   A        B        C        D        E       F      G
               +--------+--------+--------+--------+--------+-----+--------+
         Total |    637 |    637 |      0 |    488 |      0 |   1 |  637.0 |
       Dungeon |    637 |    637 |      0 |    488 |      0 |   1 |  637.0 |
               +--------+--------+--------+--------+--------+-----+--------+

Top non-repeatable levels by time:
       D: 637 daAuts
